 Dungeon Crawl Stone Soup version 0.27.1-1-g398f81649c (webtiles) character file.

Game seed: 824181284439482837

247 bnorton916 the Conjurer (level 5, -2/28 HPs)
             Began as a Deep Elf Conjurer on Sept 13, 2021.
             Slain by an orc (4 damage)
             ... on level 3 of the Dungeon.
             The game lasted 00:06:11 (3318 turns).

bnorton916 the Conjurer (Deep Elf Conjurer)         Turns: 3318, Time: 00:06:12

Health: -2/28      AC:  2    Str:  4    XL:     5   Next: 85%
Magic:  7/14       EV: 12    Int: 24    God:
Gold:   75         SH:  5    Dex: 13    Spells: 3/14 levels left

rFire    . . .     SeeInvis .   (no weapon)
rCold    . . .     Faith    .   (no shield)
rNeg     . . .     Spirit   .   a - +0 robe
rPois    .         Reflect  +   (no helmet)
rElec    .         Harm     .   (no cloak)
rCorr    .         Rampage  .   (no gloves)
Will     .....                  (no boots)
Stlth    ++........             j - amulet of reflection
HPRegen  0.09/turn              (no ring)
MPRegen  0.14/turn              (no ring)

@: no status effects
A: no striking features
a: no special abilities


You were on level 3 of the Dungeon.
You visited 1 branch of the dungeon, and saw 4 of its levels.

You collected 75 gold pieces.

Inventory:

Hand Weapons
 k - a +0 dagger of venom
Armour
 a - a +0 robe (worn)
Magical Staves
 i - a staff of fire
Jewellery
 j - an amulet of reflection (around neck)
 p - a ring of fire
Scrolls
 b - 2 scrolls of immolation {unknown}
 c - 2 scrolls of fear {unknown}
 e - 2 scrolls of vulnerability {unknown}
 f - a scroll of noise {unknown}
 g - a scroll of magic mapping {unknown}
 l - 2 scrolls of summoning {unknown}
 m - a scroll of identify {unknown}
 n - a scroll of amnesia {unknown}
 o - a scroll of holy word {unknown}
Potions
 d - a potion of lignification {unknown}
 h - 3 potions of curing {unknown}


   Skills:
 - Level 2.4 Dodging
 - Level 2.4 Stealth
 - Level 5.4 Spellcasting
 - Level 5.8 Conjurations
 + Level 2.6 Hexes
 + Level 2.1 Translocations


You had 3 spell levels left.
You knew the following spells:

 Your Spells              Type           Power      Damage    Failure   Level
a - Magic Dart            Conj           100%       1d8       1%          1
b - Searing Ray           Conj           68%        3d5       1%          2
c - Fulminant Prism       Conj/Hex       13%        3d9       14%         4
d - Iskenderun's Mystic   Conj/Tloc      25%        2d7       16%         4

Your spell library contained the following spells:

 Spells                   Type           Power      Damage    Failure   Level
 Dazzling Flash           Conj/Hex       52%        N/A       4%          3


Dungeon Overview and Level Annotations

Branches:
Dungeon (4/15)
 Temple: D:4-7

Altars:
Kikubaaqudgha

Shops:
D:3 [


Message History

(Press . to maintain the ray.)
The orc wizard hits you with a +0 dagger.
The orc closely misses you. The hobgoblin hits you.
The searing ray misses the orc wizard.
The orc wizard barely misses you. The orc barely misses you.
You block the hobgoblin's attack.
The searing ray hits the orc wizard.
The orc wizard is almost dead.
You block the orc wizard's attack. The orc hits you with a +0 flail!
The hobgoblin barely misses you.
The searing ray hits the orc wizard!
You kill the orc wizard!
You finish channeling your searing ray.
The orc closely misses you. The hobgoblin barely misses you.
Your Translocations skill increases to level 2!
Unknown command.
Casting: Searing Ray (safe; 1% risk of failure)
Confirm with . or Enter, or press ? or * to list all spells.
Aiming: Searing Ray (safe; 1% risk of failure)
Press: ? - help, Shift-Dir - straight line, f - hobgoblin
Aim: a hobgoblin (81% to hit)
The searing ray misses the hobgoblin. (Press . to maintain the ray.)
The orc hits you with a +0 flail. The hobgoblin closely misses you.
Unknown command.
The searing ray hits the hobgoblin.
The hobgoblin is heavily wounded.
The orc hits you with a +0 flail!
* * * LOW HITPOINT WARNING * * *
You block the hobgoblin's attack.
Unknown command.
The orc hits you with a +0 flail.
* * * LOW HITPOINT WARNING * * *
The hobgoblin hits you.
* * * LOW HITPOINT WARNING * * *
You climb upwards.
There is a stone staircase leading down here.
The orc closely misses you.
You see here an adder corpse.
The orc hits you with a +0 flail.
You die...

###.# #.#...#.###### ..#.#
#.##.##......#### ..#.###
#####.#####.......... ..#.#P##
#.................... ..#.#..###
#........#........... ###.#.P#.#
#........##...#......
..#.#..#.####.............#......
..#.#..#....#..o..........#####'#
..#.#..#....'.g†@................
###.#P###...######'#####........#
....####.#########.#####...######
....####.# #...........'...'..# #
.......#.###.#......####...##.###
....##.#.#...#......# #####.....
....##.#.#..........# #..###
.......#.#..........# ##..#..
#'#.####.#....'''...# ##.∩.#.#


You could see an orc and a hobgoblin.

Vanquished Creatures
  A howler monkey (D:4)
  An orc wizard (D:4)
  An iguana (D:3)
  Natasha (twice) (D:3)
  A gnoll (D:1)
  2 adders (D:3)
  A dart slug (D:3)
  An orc (D:4)
  6 ball pythons
  11 endoplasms
  6 goblins
  12 hobgoblins
  4 jackals (D:1)
  5 kobolds
  2 quokkas (D:1)
  4 bats
  4 frilled lizards
  8 rats
72 creatures vanquished.

Notes
Turn   | Place    | Note
-------+----------+-------------------------------------------
     0 | D:1      | bnorton916 the Deep Elf Conjurer began the quest for the
                  | Orb.
     0 | D:1      | Reached XP level 1. HP: 10/10 MP: 6/6
   255 | D:1      | Reached XP level 2. HP: 15/15 MP: 3/8
   399 | D:1      | Learned a level 2 spell: Searing Ray
   565 | D:1      | Reached skill level 5 in Conjurations
   565 | D:1      | Reached XP level 3. HP: 19/19 MP: 8/10
  1271 | D:2      | Found an ancient bone altar of Kikubaaqudgha.
  1451 | D:2      | Reached XP level 4. HP: 24/24 MP: 9/12
  1552 | D:2      | Found a faded altar of an unknown god.
  1884 | D:3      | Reached skill level 5 in Spellcasting
  2161 | D:3      | Found Byoff's Armour Shop.
  2345 | D:3      | Noticed Natasha
  3007 | D:3      | Killed Natasha
  3008 | D:3      | Reached XP level 5. HP: 28/28 MP: 7/14
  3013 | D:3      | Learned a level 4 spell: Fulminant Prism
  3018 | D:3      | Learned a level 4 spell: Iskenderun's Mystic Blast
  3139 | D:3      | Noticed Natasha
  3147 | D:3      | Killed Natasha
  3148 | D:3      | Reached skill level 1 in Hexes
  3220 | D:4      | Reached skill level 1 in Translocations
  3318 | D:3      | Slain by an orc

Illustrated notes

Levels and vault maps discovered:
D:1:      lemuel_arrival_funnel, layout_basic
D:2:      layout_rooms, dreamdust_ecumenical_altar_statues, basic_altar,
          minmay_surrounded
D:3:      layout_basic, serial_shops, shop, serial_aquarium,
          aquarium_bridge_square [aquarium_subvault_bridge,
          aquarium_subvault_wall, aquarium_subvault_bridge,
          aquarium_subvault_wall], aquarium_bridge_island_large
          [aquarium_subvault_large_1_pool, aquarium_subvault_bridge,
          aquarium_subvault_wall, aquarium_subvault_wall,
          aquarium_subvault_bridge], aquarium_window_3, aquarium_window_2,
          aquarium_view_2c, uniq_natasha
D:4:      layout_cave_pools, gammafunk_ghost_cemetery,
          chequers_serial_rivers_room_b, nicolae_stop_n_shop_1

Skill      XL: |  1  2  3  4  5 |
---------------+----------------+-----
Spellcasting   | 4 5 |  5.4
Conjurations   | 5 |  5.8
Hexes          | 2 |  2.6
Translocations | 2 |  2.1
Dodging        | |  2.4
Stealth        | |  2.4

Action                   |  1- 3 |  4- 6 || total
-------------------------+-------+-------++-------
 Cast: Magic Dart        |    70 |    36 ||   106
       Searing Ray       |     5 |     8 ||    13
Armor: Robe              |     2 |     3 ||     5
Dodge: Dodged            |     4 |    15 ||    19
Block: Other             |       |     6 ||     6
